 Dungeon Crawl Stone Soup version 0.27-a0-1191-g601b473118 (webtiles) character file.

Game seed: 13150787458957718834

702 lunkers the Sneak (level 7, 0/44 HPs)
             Began as a Kobold Brigand on May 24, 2021.
             Slain by a troll (8 damage)
             ... on level 5 of the Dungeon.
             The game lasted 00:06:44 (3915 turns).

lunkers the Sneak (Kobold Brigand)                  Turns: 3915, Time: 00:06:45

Health: 0/44       AC:  5    Str:  8    XL:     7   Next: 98%
Magic:  7/7        EV: 16    Int: 13    God:
Gold:   228        SH:  0    Dex: 18    Spells: 6/6 levels left

rFire    . . .     SeeInvis .   j - +2 dagger (venom)
rCold    . . .     Faith    .   (shield restricted)
rNeg     . . .     Spirit   .   b - +0 robe
rPois    .         Reflect  .   (helmet restricted)
rElec    .         Harm     .   c - +0 cloak
rCorr    .         Rampage  .   (no gloves)
Will     .....                  (no boots)
Stlth    +++++.....             (no amulet)
HPRegen  0.14/turn              k - +4 ring of slaying
MPRegen  0.10/turn              (no ring)

@: no status effects
A: small, no large weapons, nightstalker 3, horns 1, iridescent scales 1, wild
magic 1, evolution 1
a: no special abilities


You were on level 5 of the Dungeon.
You visited 1 branch of the dungeon, and saw 5 of its levels.

You collected 228 gold pieces.

Inventory:

Hand Weapons
 a - a +2 dagger
 j - a +2 dagger of venom (weapon)
 v - a +4 short sword
Missiles
 d - 17 poisoned darts (quivered)
 e - 2 curare-tipped darts {=f}
Armour
 b - a +0 robe (worn)
 c - a +0 cloak (worn)
 s - a +0 helmet
Jewellery
 k - a +4 ring of slaying (left hand)
Wands
 y - a wand of iceblast (11)
Scrolls
 g - 2 scrolls of identify {unknown}
 h - 2 scrolls of amnesia {unknown}
 l - a scroll of vulnerability {unknown}
 q - a scroll of enchant weapon {unknown}
 r - a scroll of teleportation {unknown}
 t - a scroll of immolation {unknown}
 u - a scroll of fear {unknown}
 w - a scroll of brand weapon {unknown}
Potions
 f - a potion of magic
 i - a potion of berserk rage {unknown}
 m - a potion of curing {unknown}
 n - a potion of lignification {unknown}
 o - a potion of cancellation {unknown}
 p - a potion of mutation
 x - a potion of brilliance {unknown}


   Skills:
 + Level 4.5 Fighting
 * Level 7.3 Short Blades
 - Level 2.1 Throwing
 + Level 4.2 Dodging
 + Level 7.4 Stealth


You had 6 spell levels left.
You didn't know any spells.
Your spell library contained the following spells:

 Spells                   Type           Power      Damage    Failure   Level
 Animate Skeleton         Necr           0%         N/A       38%         1
 Apportation              Tloc           0%         N/A       38%         1
 Corona                   Hex            0%         N/A       38%         1
 Summon Small Mammal      Summ           0%         N/A       38%         1


Dungeon Overview and Level Annotations

Branches:
Dungeon (5/15)
 Temple: D:4-7

Altars:
Nemelex Xobeh
Zin


Innate Abilities, Weirdness & Mutations

You are small and have problems with some larger weapons.
You are completely attuned to the shadows.
You have a pair of small horns on your head.
You are partially covered in iridescent scales. (AC +2)
Your spells are a little harder to cast, but a little more powerful.
You evolve.


Message History

The iguana is severely wounded.
You hit the iguana.
You kill the iguana!
You hit the centaur zombie but do no damage.
The centaur zombie is lightly damaged.
The centaur zombie hits you. The centaur zombie misses you.
You puncture the centaur zombie!
The centaur zombie is heavily damaged.
You barely miss the centaur zombie.
The centaur zombie is heavily damaged.
The centaur zombie completely misses you.
The centaur zombie closely misses you. The troll misses you.
The troll claws you but does no damage. The troll barely misses you.
You hit the centaur zombie.
The centaur zombie is severely damaged.
The centaur zombie hits you.
* * * LOW HITPOINT WARNING * * *
The centaur zombie closely misses you. The troll closely misses you.
The troll claws you.
* * * LOW HITPOINT WARNING * * *
The troll completely misses you.
Okay, then.
It was a potion of magic.
Magic courses through your body. The centaur zombie hits you.
* * * LOW HITPOINT WARNING * * *
The centaur zombie completely misses you.
The troll misses you. x2; The troll claws you!
* * * LOW HITPOINT WARNING * * *
It was a potion of mutation.
You feel extremely strange. A pair of horns grows on your head!
Your +0 helmet falls away!
You feel nature experimenting on you.
Don't worry, failures die fast.
Iridescent scales grow over part of your body.
You feel less in control of your magic. The centaur zombie hits you.
* * * LOW HITPOINT WARNING * * *
The centaur zombie closely misses you. x2
The centaur zombie barely misses you. The troll completely misses you.
The troll claws you!
You die...

#.#.# #.# # #.#
#[#
####.######.##
.............
.###.#.####.#
........#.#
##.##.##...####
########......
#..#@##....#
#.T#Z.#####
..#†.##..(. #
#### .##. .# .#


You could see a troll and a centaur zombie.

Vanquished Creatures
  Sigmund (D:2)
  An ice beast (D:3)
  An ogre (D:5)
  A water moccasin skeleton (D:4)
  A howler monkey (D:5)
  3 iguanas
  2 orc wizards
  A hound skeleton (D:4)
  A howler monkey zombie (D:5)
  2 gnolls (D:5)
  3 adders
  An ufetubus (D:4)
  A worm (D:3)
  3 dart slugs (D:3)
  14 orcs
  4 endoplasms
  4 giant cockroaches
  5 goblins
  6 hobgoblins
  A jackal (D:4)
  4 quokkas
  8 ball pythons
  3 bats
  5 frilled lizards
  8 kobolds
  2 rats
86 creatures vanquished.

Notes
Turn   | Place    | Note
-------+----------+-------------------------------------------
     0 | D:1      | lunkers the Kobold Brigand began the quest for the Orb.
     0 | D:1      | Reached XP level 1. HP: 12/12 MP: 1/1
   250 | D:1      | Reached XP level 2. HP: 14/18 MP: 2/2
   994 | D:2      | Noticed Sigmund
  1001 | D:2      | Killed Sigmund
  1002 | D:2      | Reached skill level 5 in Short Blades
  1002 | D:2      | Reached XP level 3. HP: 23/23 MP: 3/3
  1002 | D:2      | Reached XP level 4. HP: 28/28 MP: 4/4
  1002 | D:2      | Reached XP level 5. HP: 32/32 MP: 5/5
  1203 | D:2      | Reached XP level 6. HP: 29/37 MP: 6/6
  2082 | D:3      | Noticed an ice beast
  2085 | D:3      | Killed an ice beast
  2140 | D:3      | Found a glowing silver altar of Zin.
  2241 | D:3      | Found a faded altar of an unknown god.
  2743 | D:4      | Reached XP level 7. HP: 42/42 MP: 7/7
  3208 | D:4      | Found a sparkling altar of Nemelex Xobeh.
  3403 | D:5      | Entered Level 5 of the Dungeon
  3896 | D:5      | Noticed a troll
  3915 | D:5      | Gained mutation: You have a pair of small horns on your
                  | head. [potion of mutation]
  3915 | D:5      | Gained mutation: You evolve. [potion of mutation]
  3915 | D:5      | Gained mutation: You are partially covered in iridescent
                  | scales. (AC +2) [potion of mutation]
  3915 | D:5      | Gained mutation: Your spells are a little harder to cast,
                  | but a little more powerful. [potion of mutation]
  3915 | D:5      | Slain by a troll

Illustrated notes

Levels and vault maps discovered:
D:1:      dpeg_arrival_stone_temple_mockup, layout_loops_cross,
          corexii_item_surrounded_by_moat, minmay_misc_feat_diagonals,
          corexii_leaking_fountain, columned_hall_lemuel
D:2:      layout_loops_ring, uniq_sigmund
D:3:      layout_loops_cross, lemuel_doored_altar, ebering_ecumenical_altar_rust
D:4:      layout_rooms, nemelex_diamond_rough_becter, serial_rivers,
          chequers_serial_rivers_micro_d, chequers_serial_rivers_micro_b,
          chequers_serial_rivers_marsh, chequers_serial_rivers_marsh,
          minmay_cut_off
D:5:      layout_basic, kennysheep_little_box, amethyst_overflow_temple_binary,
          ebering_ghost_inner_flame, minmay_misc_feat_chi, minmay_hedge_maze,
          minmay_manual_macuahuitl

Skill      XL: |  1  2  3  4  5  6  7 |
---------------+----------------------+-----
Short Blades   | 3 5 6 7 |  7.3
Fighting       | 3 4 |  4.5
Dodging        | 2 3 4 |  4.2
Stealth        | 6 7 |  7.4
Throwing       | |  2.1

Action                   |  1- 3 |  4- 6 |  7- 9 || total
-------------------------+-------+-------+-------++-------
Melee: Dagger            |    33 |    69 |    68 ||   170
Throw: Dart              |       |     9 |     1 ||    10
  Use: Potion            |       |       |     2 ||     2
 Stab: Sleeping          |    13 |    23 |    11 ||    47
       Distracted        |       |     1 |       ||     1
Armor: Robe              |     4 |     4 |     6 ||    14
Dodge: Dodged            |     8 |    25 |    39 ||    72

Table legend: (Time is in decaauts)
 A = Elapsed time spent in this place.
 B = Non-inter-level travel time spent in this place.
 C = Inter-level travel time spent in this place.
 D = Time resting spent in this place.
 E = Time spent auto-exploring this place.
 F = Levels seen in this place.
 G = Mean time per level.
                   A        B        C        D        E       F      G
               +--------+--------+--------+--------+--------+-----+--------+
         Total |   3876 |   3812 |     64 |      0 |   3240 |   5 |  775.2 |
       Dungeon |   3876 |   3812 |     64 |      0 |   3240 |   5 |  775.2 |
               +--------+--------+--------+--------+--------+-----+--------+

Top non-repeatable levels by time:
     D:1: 976 daAuts
     D:4: 849 daAuts
     D:3: 808 daAuts
     D:2: 741 daAuts
     D:5: 500 daAuts
